Map: Dreamcatcher LE

Players

Probe - Winner!

  • Race: Protoss Protoss
  • Spawn Location: 11:00

Cham

  • Race: Zerg Zerg
  • Spawn Location: 5:00

Event: WCS Austin 2018

VOD

Have the link to the VOD?

Description

Time

  • Played on: June 1, 2018, 5:38 p.m.
  • Length: 4:32

All games in this series

Show
View Real Time Build Order
Export as new Build Order

Probe Protoss - Winner!

Build Orders: 1 Gate Expand 

Get SALT Encoding   

  12  0:00  Probe  
  13  0:12  Probe  
  14  0:19  Pylon  
  14  0:24  Probe  
  15  0:33  Probe  
  15  0:38  Gateway  
  15  0:41  Probe  
  16  0:47  Assimilator  
  17  0:51  Probe  
  18  1:03  Probe  
  20  1:18  Zealot  
  20  1:23  Nexus  
  21  1:37  Cybernetics Core  
  21  1:44  Zealot  
  23  1:50  Pylon  
  23  2:08  Probe  
  26  2:18  Stalker  
  26  2:20  Probe  
  27  2:29  Shield Battery  
  27  2:32  Probe  
  27  2:33  Shield Battery  
  27  2:36  Gateway  
  29  2:44  Probe  
  29  2:51  Stalker  
  29  2:56  Assimilator  
  31  2:58  Shield Battery  
  31  3:06  Pylon  
  31  3:15  Stalker  
  31  3:19  Pylon  
  27  3:28  Stalker  
  29  3:37  Probe  
  29  3:39  Probe  
  31  3:49  Probe  
  31  3:51  Probe  
  33  3:56  Stalker  
Show
View Real Time Build Order
Export as new Build Order

Cham Zerg 

Build Orders: Pool Only, Ravager All-In 

Get SALT Encoding   

  12  0:17  Spawning Pool  
  11  0:26  Drone  
  12  0:29  Drone  
  13  0:40  Overlord  
  13  1:03  Zergling x2  
  13  1:04  Zergling x4  
  16  1:16  Zergling x2, Roach Warren, Extractor  
  16  1:18  Extractor  
  14  1:36  Overlord  
  14  1:56  Roach x2  
  14  1:59  Roach  
  20  2:11  Roach  
  21  2:21  Ravager  
  20  2:28  Ravager  
  21  2:42  Ravager  
  22  2:51  Roach  
  23  3:07  Roach  
  22  3:33  Roach  
  24  3:43  Ravager  
  22  3:50  Roach  
  21  3:56  Ravager  
  21  4:00  Ravager  
  23  4:17  Ravager  
Tags
 
Add a new tag
Caveats
  • Supply blocks, unpowered buildings, or Contaminate may cause inaccurate times.
  • Supply counts are checked every 10 seconds.